 Dungeon Crawl Stone Soup version 0.24.0-2-g5b39cebb1c (webtiles) character file.

Game seed: 10206277998731631517, levelgen mode: deterministic

2762 Curus the Basher (level 9, -5/75 HPs)
             Began as a Minotaur Monk on Oct 30, 2019.
             Slain by an orc warrior
             ... wielding a +0 glaive
              (25 damage)
             ... in a bailey.
             The game lasted 00:44:23 (5876 turns).

Curus the Basher (Minotaur Monk)                    Turns: 5876, Time: 00:44:23

Health: -5/75      AC: 12    Str: 22    XL:     9   Next: 42%
Magic:  8/8        EV:  9    Int:  7    God:
Gold:   320        SH:  3    Dex: 16    Spells: 8/8 levels left

rFire    . . .     SeeInvis .   u - +2 flail (drain)
rCold    + . .     Gourm    .   k - +0 buckler
rNeg     . . .     Faith    +   e - +2 chain mail
rPois    .         Spirit   .   (helmet restricted)
rElec    .         Reflect  .   (no cloak)
rCorr    .         Harm     .   n - +0 pair of gloves
MR       .....                  (no boots)
Stlth    ..........             f - amulet of faith
HPRegen  0.22/turn              d - ring of protection from cold
MPRegen  0.11/turn              o - +6 ring of strength

@: no status effects
A: retaliatory headbutt, horns 2, mutation resistance 1
a: no special abilities


You were in a bailey.
You were hungry.

You visited 1 branch of the dungeon, and saw 7 of its levels.
You also visited: Ossuary and Bailey.

You collected 320 gold pieces.

Inventory:

Hand Weapons
 a - a +1 mace
 m - a +0 morningstar
 u - a +2 flail of draining (weapon)
Armour
 b - a +0 robe
 e - a +2 chain mail (worn)
 k - a +0 buckler (worn)
 n - a +0 pair of gloves (worn)
Jewellery
 d - a ring of protection from cold (left hand)
 f - an amulet of faith (around neck)
 g - an uncursed ring of magical power
 l - an uncursed ring of protection from cold
 o - a +6 ring of strength (right hand)
Wands
 q - a wand of iceblast (9)
 v - a wand of random effects (9)
 x - a wand of polymorph (8)
Scrolls
 h - 8 scrolls of identify
 j - 4 scrolls of remove curse
 p - a scroll of teleportation
 r - 3 scrolls of blinking
 t - 8 scrolls of random uselessness
 w - a scroll of amnesia
Potions
 i - 2 potions of cancellation
 s - 4 potions of mutation
 A - a potion of flight
Comestibles
 c - 9 rations


   Skills:
 + Level 5.6 Fighting
 - Level 14.0 Maces & Flails
 + Level 4.1 Armour
 - Level 3.2 Dodging
 - Level 1.5 Stealth


You had 8 spell levels left.
You didn't know any spells.
Your spell library contained the following spells:

 Spells                   Type           Power        Failure   Level  Hunger
 Animate Skeleton         Necr           N/A          100%        1    ##.....
 Magic Dart               Conj           #...         100%        1    ##.....
 Pain                     Necr           #...         100%        1    ##.....
 Searing Ray              Conj           #.....       100%        2    ###....
 Dazzling Spray           Conj/Hex       #.....       100%        3    ####...
 Regeneration             Chrm/Necr      #.........   100%        3    ####...
 Vampiric Draining        Necr           #.........   100%        3    ####...
 Animate Dead             Necr           N/A          100%        4    #####..
 Force Lance              Conj/Tloc      #.......     100%        4    #####..
 Fulminant Prism          Conj/Hex       #.........   100%        4    #####..
 Iskenderun's Mystic Bla  Conj           #.......     100%        4    #####..


Dungeon Overview and Level Annotations

Branches:
Dungeon (7/15)            Ossuary (visited)          Bailey (1/1)
 Temple: D:4-7

Altars:
Sif Muna


Innate Abilities, Weirdness & Mutations

You reflexively headbutt those who attack you in melee.
You have a pair of horns on your head.
You are somewhat resistant to further mutation.


Message History

You hit the orc warrior. Your headbutt misses the orc warrior.
The orc warrior is heavily wounded.
The orc warrior hits you with a +0 glaive.
The orc warrior shoots a bolt.
The bolt hits you.
You hit the orc warrior but do no damage.
Your headbutt misses the orc warrior.
The orc warrior is heavily wounded.
You hit the orc warrior but do no damage.
The orc warrior is heavily wounded.
The orc warrior closely misses you. You furiously retaliate!
You headbutt the orc warrior, but do no damage.
The orc warrior shoots a bolt.
The bolt hits you!
You thump the orc warrior!
The orc warrior is almost dead.
The orc warrior hits you with a +0 glaive!!
* * * LOW HITPOINT WARNING * * *
The orc warrior shoots a bolt.
You block the bolt.
There is a gate leading back out of this place here.
The orc warrior hits you from afar with a +0 glaive!!
You die...

##### ##∩## ####
.....##.∩.##....
.≈≈≈..#.(.#..≈≈≈
≈≈o≈≈.......≈≈o≈
≈.oo≈...(...≈oo.
≈≈o≈≈...(.o.≈≈o≈
≈≈≈..#o..#..≈≈≈
....##...##..o.
#### ##@## ####
###


You could see 2 orc warriors.

Vanquished Creatures
  Grinder (D:6)
  Menkaure (D:5)
  A black bear (D:7)
  A phantom (D:5)
  2 sky beasts
  An ice beast (D:6)
  6 ogres
  A centaur (D:6)
  A bullfrog (D:6)
  4 killer bees (D:5)
  A howler monkey (D:7)
  A crimson imp (D:7)
  3 human zombies
  A jelly (D:5)
  A bullfrog skeleton (D:6)
  2 hounds
  A centaur skeleton (D:5)
  3 gnoll shamans (D:5)
  An iguana (D:5)
  2 worker ants
  A killer bee zombie (D:7)
  A big kobold zombie (Ossuary)
  6 mummies (Ossuary)
  36 gnolls
  3 adders
  2 shadow imps
  4 oozes
  A worm zombie (D:6)
  An adder skeleton (D:5)
  8 leopard geckos
  18 orcs
  3 giant cockroaches
  A gnoll zombie (Ossuary)
  13 goblins
  5 hobgoblins
  19 jackals
  5 quokkas
  10 bats
  4 frilled lizards
  A giant cockroach zombie (D:5)
  A goblin zombie (Ossuary)
  A hobgoblin zombie (Ossuary)
  5 kobolds
  2 orc zombies (Ossuary)
  9 rats
195 creatures vanquished.

Vanquished Creatures (others)
  A jackal skeleton (D:6)
1 creature vanquished.

Grand Total: 196 creatures vanquished

Notes
Turn   | Place    | Note
-------+----------+-------------------------------------------
     0 | D:1      | Curus the Minotaur Monk began the quest for the Orb.
     0 | D:1      | Reached XP level 1. HP: 19/19 MP: 0/0
    67 | D:1      | Reached skill level 4 in Maces & Flails
   154 | D:1      | Reached XP level 2. HP: 19/26 MP: 1/1
   375 | D:1      | Reached skill level 5 in Maces & Flails
   503 | D:1      | Reached XP level 3. HP: 24/31 MP: 2/2
   886 | D:2      | Gained mutation: You are resistant to hostile enchantments.
                  | (MR+) [potion of mutation]
   886 | D:2      | Gained mutation: Armour fits poorly on your strangely
                  | shaped body. [potion of mutation]
   886 | D:2      | Gained mutation: You have a pair of large horns on your
                  | head. [potion of mutation]
   997 | D:2      | Reached XP level 4. HP: 33/39 MP: 3/3
  1002 | D:2      | You fall into a shaft and drop 2 floors!
  1016 | D:3      | Reached skill level 6 in Maces & Flails
  1259 | D:3      | Noticed an ogre
  1282 | D:3      | Killed an ogre
  1282 | D:3      | Reached skill level 7 in Maces & Flails
  1282 | D:3      | Reached XP level 5. HP: 35/45 MP: 4/4
  1651 | D:3      | Reached skill level 8 in Maces & Flails
  2099 | D:4      | Found a shimmering blue altar of Sif Muna.
  2342 | D:4      | Reached XP level 6. HP: 51/51 MP: 5/5
  2683 | D:5      | Entered Level 5 of the Dungeon
  2684 | D:5      | Noticed a sky beast
  2692 | D:5      | Killed a sky beast
  2692 | D:5      | Reached skill level 9 in Maces & Flails
  2729 | D:5      | Noticed Menkaure
  2734 | D:5      | Killed Menkaure
  2734 | D:5      | Reached XP level 7. HP: 41/57 MP: 6/6
  2888 | D:5      | Reached skill level 10 in Maces & Flails
  2996 | D:5      | Reached skill level 11 in Maces & Flails
  3026 | D:5      | Reached XP level 8. HP: 37/64 MP: 7/7
  3110 | D:5      | HP: 2/64 [gnoll/+0 great sword (7)]
  3631 | D:5      | Reached skill level 12 in Maces & Flails
  3641 | D:5      | HP: 2/64 [gnoll/+0 spear (9)]
  4516 | D:5      | Lost mutation: Armour fits poorly on your strangely shaped
                  | body. [potion of mutation]
  4516 | D:5      | Lost mutation: You are resistant to hostile enchantments.
                  | (MR+) [potion of mutation]
  4516 | D:5      | Lost mutation: You have a pair of large horns on your head.
                  | [potion of mutation]
  4516 | D:5      | Gained mutation: You are somewhat resistant to further
                  | mutation. [potion of mutation]
  4524 | D:6      | Found a sand-covered staircase.
  4533 | D:6      | Reached skill level 13 in Maces & Flails
  4540 | Ossuary  | Entered an ossuary
  5486 | D:6      | Noticed Grinder
  5492 | D:6      | Reached XP level 9. HP: 70/70 MP: 8/8
  5498 | D:6      | Reached skill level 14 in Maces & Flails
  5505 | D:6      | Paralysed by Grinder for 2 turns
  5527 | D:6      | Killed Grinder
  5760 | D:7      | Reached skill level 5 in Fighting
  5841 | D:7      | Found a flagged portal.
  5861 | Bailey   | Entered a bailey
  5861 | Bailey   | Noticed an orc knight
  5861 | Bailey   | Noticed an orc knight
  5876 | Bailey   | Slain by an orc warrior

Levels and vault maps discovered:
D:1:      eino_arrival_cavern_b, layout_basic
D:2:      layout_loops_ring
D:3:      kennysheep_the_goblin_king, layout_loops_corners
D:4:      layout_basic, lemuel_crystal_altar, first_ration
D:5:      lemuel_castle_with_subvaults [lemuel_castle_interior_carwin_1],
          layout_basic, uniq_menkaure
D:6:      layout_basic, enter_ossuary_3, dk_vineyard_3, lemuel_flamethrower_2,
          uniq_grinder
D:7:      layout_gridville, minmay_temple_entry_drinking_statues, enter_bailey_2
Bailey:   bailey_polearm_4, bailey

Skill      XL: |  1  2  3  4  5  6  7  8  9 |
---------------+----------------------------+-----
Maces & Flails | 4 5 7 8 9 11 13 14 | 14.0
Fighting       | 5 |  5.6
Armour         | 4 |  4.1
Dodging        | |  3.2
Stealth        | |  1.5

Action                   |  1- 3 |  4- 6 |  7- 9 || total
-------------------------+-------+-------+-------++-------
Melee: Mace              |    94 |    72 |       ||   166
       Headbutt          |    12 |    16 |    65 ||    93
       Morningstar       |       |    36 |   151 ||   187
       Flail             |       |       |   139 ||   139
       Unarmed           |       |       |     7 ||     7
  Use: Scroll            |     5 |     4 |     4 ||    13
       Potion            |     5 |     2 |     3 ||    10
 Stab: Sleeping          |     1 |       |       ||     1
  Eat: Chunk             |       |     4 |     8 ||    12
       Ration            |       |     1 |       ||     1
Armor: Robe              |     1 |       |       ||     1
       Chain mail        |    48 |    41 |    88 ||   177
Dodge: Dodged            |    35 |    45 |    90 ||   170
Block: Buckler           |       |     8 |    38 ||    46
